 Dungeon Crawl Stone Soup version 0.26-a0-1205-g4083c211ab (webtiles) character file.

Game seed: 3177625801281466206

2663 vvl the Conjurer (level 9, -7/60 HPs)
             Began as a Demonspawn Fire Elementalist on Dec 29, 2020.
             Was a Believer of Vehumet.
             Mangled by Prince Ribbit (16 damage)
             ... on level 8 of the Dungeon.
             The game lasted 00:36:47 (9646 turns).

vvl the Conjurer (Demonspawn Fire Elementalist)     Turns: 9646, Time: 00:36:48

Health: -7/60      AC: 10    Str: 10    XL:     9   Next: 36%
Magic:  13/16      EV: 12    Int: 18    God:    Vehumet [**....]
Gold:   527        SH:  3    Dex: 14    Spells: 4/18 levels left

rFire    + . .     SeeInvis .   v - +0 whip (venom)
rCold    . . .     Faith    .   N - +0 buckler
rNeg     + . .     Spirit   .   u - +2 robe {rN+}
rPois    .         Reflect  .   (no helmet)
rElec    .         Harm     .   (no cloak)
rCorr    .         Rampage  .   w - +2 pair of gloves
Will     +....                  (no boots)
Stlth    ++........             C - amulet of magic regeneration
HPRegen  0.20/turn              F - ring of willpower
MPRegen  0.40/turn              D - ring of protection from fire

@: no status effects
A: rugged brown scales 3, powered by death 1
a: Renounce Religion


You were on level 8 of the Dungeon.
You worshipped Vehumet.
Vehumet was pleased with you.
You visited 2 branches of the dungeon, and saw 10 of its levels.

You collected 527 gold pieces.

Inventory:

Hand Weapons
 i - a +1 dagger of flaming
 v - a +0 whip of venom (weapon)
 J - a +2 dire flail of protection
 K - a +3 hand axe of venom
 O - a cursed +0 hunting sling
Missiles
 k - 6 javelins (quivered)
 l - a throwing net
Armour
 u - a +2 robe of positive energy (worn)
 w - a +2 pair of gloves (worn)
 L - a +0 leather armour
 N - a +0 buckler (worn)
Jewellery
 d - an uncursed amulet of faith
 y - an uncursed ring of protection from cold
 C - an amulet of magic regeneration (around neck)
 D - a ring of protection from fire (right hand)
 F - a ring of willpower (left hand)
 G - an uncursed ring of see invisible
 P - an uncursed ring of positive energy {unknown}
Wands
 a - a wand of iceblast (4)
 I - a wand of flame (13)
 M - a wand of polymorph (8)
Scrolls
 b - 9 scrolls of remove curse
 c - 3 scrolls of enchant armour
 f - 5 scrolls of identify {unknown}
 j - 4 scrolls of enchant weapon {unknown}
 m - 4 scrolls of teleportation {unknown}
 n - a scroll of fog {unknown}
 o - a scroll of immolation {unknown}
 p - a scroll of magic mapping {unknown}
 q - 5 scrolls of amnesia
 s - 2 scrolls of blinking {unknown}
 t - 2 scrolls of noise {unknown}
 A - a scroll of fear {unknown}
 E - 2 scrolls of random uselessness {unknown}
Potions
 e - 2 potions of haste
 g - a potion of resistance {unknown}
 h - 2 potions of mutation {unknown}
 r - a potion of brilliance {unknown}
 x - 2 potions of lignification {unknown}
 B - a potion of attraction {unknown}
 H - 2 potions of degeneration {unknown}


   Skills:
 + Level 4.2 Armour
 - Level 3.0 Dodging
 - Level 1.7 Stealth
 + Level 0.5 Shields
 + Level 5.2 Spellcasting
 * Level 7.6 Conjurations
 + Level 5.5 Fire Magic
 + Level 3.9 Evocations


You had 4 spell levels left.
You knew the following spells:

 Your Spells              Type           Power        Failure   Level
a - Foxfire               Conj/Fire      100%         1%          1
b - Conjure Flame         Conj/Fire      28%          4%          3
c - Inner Flame           Hex/Fire       14%          19%         3
d - Sticky Flame          Conj/Fire      28%          14%         4
e - Magic Dart            Conj           100%         1%          1
f - Searing Ray           Conj           64%          1%          2

Your spell library contained the following spells:

 Spells                   Type           Power        Failure   Level
 Shock                    Conj/Air       72%          4%          1
 Static Discharge         Conj/Air       18%          13%         3
 Swiftness                Air            4%           30%         2
 Confusing Touch          Hex            4%           52%         3
 Gell's Gravitas          Tloc           2%           52%         3
 Airstrike                Air            2%           90%         4
 Petrify                  Tmut/Erth      4%           90%         4
 Fireball                 Conj/Fire      14%          36%         5
 Lightning Bolt           Conj/Air       9%           75%         5
 Metabolic Englaciation   Hex/Ice        2%           99%         5
 Yara's Violent Unravell  Hex/Tmut       2%           99%         5


Dungeon Overview and Level Annotations

Branches:
Dungeon (9/15)             Temple (1/1) D:4
   Lair: D:8-11         Orc: D:9-12

Altars:
Ashenzari
Cheibriados
Dithmenos
Elyvilon
Fedhas
Gozag
Hepliaklqana
Kikubaaqudgha
Makhleb
Nemelex Xobeh
Okawaru
Qazlal
Ru
Sif Muna
Trog
Uskayaw
Vehumet
Wu Jian
Xom
Yredelemnul
Zin
The Shining One

Annotations:
D:8 Prince Ribbit


Innate Abilities, Weirdness & Mutations

You are completely covered in rugged brown scales. (AC +3, +7% HP)
You regenerate a little health from kills.


Message History

Confirm with . or Enter, or press ? or * to list all spells.
Aiming: Sticky Flame (dangerous; 14% risk of failure)
Press: ? - help, Shift-Dir - straight line, f - Prince Ribbit
Aim: Prince Ribbit (lightly wounded, 0% to evade)
The sticky flame hits Prince Ribbit.
Prince Ribbit is moderately wounded.
Prince Ribbit is covered in liquid flames!
Prince Ribbit burns!
Prince Ribbit hits you!
* * * LOW HITPOINT WARNING * * *
The hound barely misses you.
You feel better.
Prince Ribbit burns!
The hound bites you but does no damage. Prince Ribbit hits you!
* * * LOW HITPOINT WARNING * * *
The hound bites you.
* * * LOW HITPOINT WARNING * * *
Prince Ribbit hits you.
* * * LOW HITPOINT WARNING * * *
You feel better.
Prince Ribbit burns!
The hound misses you. Prince Ribbit hits you!
You die...

#.# #.######.## #####'### #.# #.#
#.......# ####.# #.#####
#.......# #....######.....#
#.......# #.##.........##.#
#####'### #.##.#######.##.# ###
#.########.#.....# #.##.ยง
..######..........##..######.####
................@F...>.....#.....
#.######.####.#..h###.####.##.##.
#..# #.# #.#...# #.# #.##...<
##.## #.# #.#...# #.# #.###.#.
#..# #.# #.#...###.####.#...#.
##.## #.# #............#.#.#...
#..# #.# #.##.####+##.#.#.###.
##.# #.# #.#..........#.#.# #.
#.# #.# #....#.#.....#.#.###.


You could see Prince Ribbit (burning) and a hound (poisoned).

Vanquished Creatures
  Grinder (D:4)
  Sigmund (D:3)
  Duvessa (D:7)
  A water moccasin (D:7)
  2 sky beasts (D:7)
  An ice beast (D:7)
  An orc warrior (D:7)
  2 ogres (D:4)
  2 centaurs (D:8)
  4 bullfrogs (D:7)
  Dowan (D:7)
  5 killer bees (D:8)
  4 wights
  4 hounds
  A bullfrog skeleton (D:5)
  2 orc priests
  An iguana (D:7)
  An orc wizard (D:4)
  5 worker ants
  A hound skeleton (D:5)
  2 worker ant zombies
  10 adders
  A shadow imp (D:6)
  4 white imps
  An ufetubus (D:8)
  3 oozes
  An adder zombie (D:6)
  An adder skeleton (D:4)
  3 worms
  4 dart slugs
  3 leopard geckos
  19 orcs
  10 bats
  7 giant cockroaches
  7 goblins
  5 hobgoblins (D:2)
  11 jackals
  4 quokkas
  2 ball pythons (D:3)
  5 frilled lizards
  A jackal skeleton (D:4)
  7 kobolds
  8 rats
160 creatures vanquished.

Vanquished Creatures (others)
  732 foxfires
732 creatures vanquished.

Grand Total: 892 creatures vanquished

Notes
Turn   | Place    | Note
-------+----------+-------------------------------------------
     0 | D:1      | vvl the Demonspawn Fire Elementalist began the quest for
                  | the Orb.
     0 | D:1      | Reached XP level 1. HP: 13/13 MP: 3/3
   663 | D:1      | Gained mutation: You are partially covered in rugged brown
                  | scales. (AC +1, +3% HP) [demonic ancestry]
   663 | D:1      | Reached XP level 2. HP: 13/19 MP: 0/5
  1276 | D:1      | Reached skill level 2 in Conjurations
  1656 | D:2      | Gained mutation: You are mostly covered in rugged brown
                  | scales. (AC +2, +5% HP) [demonic ancestry]
  1656 | D:2      | Reached XP level 3. HP: 15/25 MP: 0/6
  2680 | D:2      | Reached XP level 4. HP: 31/31 MP: 3/7
  3250 | D:3      | Reached skill level 3 in Conjurations
  3866 | D:3      | Found a shimmering altar of Xom.
  3866 | D:3      | Found an ornate altar of the Wu Jian Council.
  3867 | D:3      | Found a glowing silver altar of Zin.
  4206 | D:3      | Noticed Sigmund
  4218 | D:3      | Killed Sigmund
  4219 | D:3      | Reached skill level 1 in Armour
  4219 | D:3      | Gained mutation: You regenerate a little health from kills.
                  | [demonic ancestry]
  4219 | D:3      | Reached XP level 5. HP: 33/36 MP: 2/9
  4219 | D:3      | Gained mutation: You are completely covered in rugged brown
                  | scales. (AC +3, +7% HP) [demonic ancestry]
  4219 | D:3      | Reached XP level 6. HP: 33/43 MP: 2/10
  4457 | D:4      | Noticed Grinder
  4474 | D:4      | Reached skill level 4 in Conjurations
  4577 | D:4      | Killed Grinder
  4698 | D:4      | Reached XP level 7. HP: 49/49 MP: 4/12
  5413 | D:4      | Learned a level 3 spell: Conjure Flame
  5417 | D:4      | Learned a level 3 spell: Inner Flame
  5422 | D:4      | Learned a level 4 spell: Sticky Flame
  5602 | D:4      | Reached skill level 5 in Conjurations
  5693 | D:4      | Found a staircase to the Ecumenical Temple.
  5705 | Temple   | Entered the Ecumenical Temple
  5709 | Temple   | Became a worshipper of Vehumet
  6010 | D:5      | Entered Level 5 of the Dungeon
  6021 | D:4      | Reached skill level 1 in Evocations
  6676 | D:5      | Reached XP level 8. HP: 49/55 MP: 8/14
  6782 | D:5      | Found an opulent altar of Gozag.
  6782 | D:5      | Found a shadowy altar of Dithmenos.
  7717 | D:6      | Found a hide-covered altar of Uskayaw.
  7821 | D:6      | Reached * piety under Vehumet
  7821 | D:6      | Offered knowledge of Magic Dart by Vehumet.
  7870 | D:6      | Learned a level 1 spell: Magic Dart
  7904 | D:7      | Found a sparkling altar of Nemelex Xobeh.
  7926 | D:7      | Reached skill level 6 in Conjurations
  7978 | D:7      | Found a radiant altar of Vehumet.
  8179 | D:7      | Noticed Duvessa
  8180 | D:7      | Noticed Dowan
  8188 | D:7      | Killed Duvessa
  8189 | D:7      | Reached skill level 5 in Fire Magic
  8192 | D:7      | Killed Dowan
  8297 | D:7      | Reached skill level 7 in Conjurations
  8297 | D:7      | Reached XP level 9. HP: 60/60 MP: 11/16
  8427 | D:7      | Offered knowledge of Searing Ray by Vehumet.
  8428 | D:7      | Reached skill level 5 in Spellcasting
  8679 | D:8      | Learned a level 2 spell: Searing Ray
  8738 | D:8      | Reached ** piety under Vehumet
  9410 | D:8      | Found a hazy altar of Hepliaklqana.
  9629 | D:9      | Noticed Prince Ribbit
  9646 | D:8      | Mangled by Prince Ribbit

Illustrated notes

Levels and vault maps discovered:
D:1:      elethiomel_arrival_quiet, layout_loops_cross,
          minmay_misc_feat_enclosed
D:2:      layout_loops_ring, minmay_distorted
D:3:      kb_forest_paths, layout_loops_ring, gammafunk_temple_overflow_claw,
          grunt_ministairs_13, minmay_misc_feat_columns, uniq_sigmund
D:4:      layout_cave_pools, temple_hall, minivault_5, uniq_grinder
D:5:      layout_layer_cave, gammafunk_temple_overflow_wave,
          kennysheep_generic_room_12
D:6:      layout_rooms, eat_drink_and_be_merry_uskayaw
D:7:      layout_cave_pools, nemelex_xobeh_ov_fountains_minmay,
          vehumet_altar_wand_db, uniq_duvessa
D:8:      layout_basic, nicolae_overflow_crystal_walls
D:9:      kennysheep_spiral_hall, layout_basic, david_lair_shrubbed,
          grunt_ministairs_1, hex_large, uniq_prince_ribbit1
Temple:   zaba_magenta_temple

Skill      XL: |  1  2  3  4  5  6  7  8  9 |
---------------+----------------------------+-----
Conjurations   | 2 3 4 5 7 |  7.6
Fire Magic     | 3 4 5 |  5.5
Armour         | 1 2 3 4 |  4.2
Dodging        | 2 3 |  3.0
Spellcasting   | 3 4 5 |  5.2
Evocations     | 1 3 |  3.9
Stealth        | |  1.7
Shields        | |  0.5

Action                   |  1- 3 |  4- 6 |  7- 9 || total
-------------------------+-------+-------+-------++-------
Melee: Unarmed           |    13 |       |       ||    13
       Dagger            |    45 |    63 |       ||   108
       Whip              |       |       |    63 ||    63
Throw: Throwing net      |       |       |     2 ||     2
 Cast: Foxfire           |    93 |    79 |   286 ||   458
       Conjure Flame     |       |       |     2 ||     2
       Sticky Flame      |       |       |     1 ||     1
Evoke: Wand              |       |       |     2 ||     2
  Use: Scroll            |       |       |     4 ||     4
       Potion            |       |       |     4 ||     4
 Stab: Sleeping          |     2 |       |     2 ||     4
Armor: Robe              |    25 |    26 |    57 ||   108
Dodge: Dodged            |    59 |    58 |    82 ||   199
Block: Buckler           |       |       |     4 ||     4

Table legend: (Time is in decaauts)
 A = Elapsed time spent in this place.
 B = Non-inter-level travel time spent in this place.
 C = Inter-level travel time spent in this place.
 D = Time resting spent in this place.
 E = Time spent auto-exploring this place.
 F = Levels seen in this place.
 G = Mean time per level.
                   A        B        C        D        E       F      G
               +--------+--------+--------+--------+--------+-----+--------+
         Total |   9630 |   9066 |    564 |    649 |   7190 |  10 |  963.0 |
       Dungeon |   9551 |   9009 |    542 |    649 |   7136 |   9 | 1061.2 |
        Temple |     78 |     56 |     22 |      0 |     54 |   1 |   78.0 |
               +--------+--------+--------+--------+--------+-----+--------+

Top non-repeatable levels by time:
     D:3: 1525 daAuts
     D:2: 1517 daAuts
     D:4: 1487 daAuts
     D:1: 1484 daAuts
     D:5: 1250 daAuts
     D:8: 950 daAuts
     D:7: 795 daAuts
     D:6: 538 daAuts
  Temple: 78 daAuts
     D:9: 2 daAuts
